Map: Romanticide LE

Players

HeroMarine

  • Race: Terran Terran
  • League: Grandmaster
  • Spawn Location: 5:00

LiquidClem (Clem) - Winner!

  • Race: Terran Terran
  • League: Grandmaster
  • Spawn Location: 11:00

Event: DreamHack SC2 Masters 2020 Winter

VOD

Have the link to the VOD?

Description

Time

  • Played on: Nov. 7, 2020, 2:56 p.m.
  • Length: 9:36

All games in this series

Show
View Real Time Build Order
Export as new Build Order

HeroMarine Terran 

Build Orders: Reaper Expand 

Get SALT Encoding   

  12  0:00  SCV  
  13  0:12  SCV  
  14  0:17  Supply Depot  
  14  0:24  SCV  
  15  0:38  SCV  
  15  0:40  Barracks  
  16  0:43  Refinery  
  16  0:50  SCV  
  17  1:02  SCV  
  18  1:15  SCV  
  19  1:27  Reaper, Orbital Command  
  20  1:42  Command Center  
  20  1:54  SCV, Supply Depot  
  20  1:59  Reaper  
  22  2:07  SCV  
  23  2:19  SCV  
  24  2:27  Factory  
  24  2:31  SCV  
  25  2:37  Command Center  
  25  2:43  Barracks Reactor, SCV  
  26  2:46  Refinery  
  26  2:55  SCV  
  26  2:57  Orbital Command  
  27  3:07  SCV  
  27  3:11  Hellion  
  30  3:14  Starport  
  30  3:18  Marine  
  30  3:19  SCV  
  32  3:20  Marine  
  32  3:23  SCV  
  34  3:32  SCV, Factory Tech Lab  
  34  3:33  Refinery  
  35  3:35  SCV  
  35  3:36  Marine  
  35  3:38  Marine  
  38  3:45  SCV  
  38  3:47  SCV  
  39  3:50  Cyclone  
  39  3:53  Orbital Command  
  39  3:55  Starport Tech Lab  
  42  3:56  Marine  
  42  3:57  Marine  
  42  4:00  SCV  
  42  4:02  SCV  
  46  4:13  SCV, Raven  
  46  4:14  SCV, Marine  
  46  4:15  Marine  
  46  4:16  Refinery  
  52  4:19  SCV  
  52  4:20  Supply Depot  
  51  4:25  SCV  
  51  4:26  SCV  
  50  4:31  SCV  
  50  4:37  SCV  
  50  4:38  SCV  
  50  4:44  SCV  
  50  4:48  Siege Tank  
  50  4:49  SCV  
  50  4:50  SCV  
  53  4:56  SCV  
  54  5:01  SCV  
  54  5:02  SCV  
  56  5:07  Viking x2, Stimpack  
  56  5:08  SCV  
  56  5:12  Supply Depot  
  56  5:13  SCV, Supply Depot  
  62  5:15  SCV  
  62  5:17  Marine  
  62  5:20  Siege Tank  
  68  5:24  Orbital Command  
  68  5:25  SCV  
  68  5:27  SCV  
  69  5:35  Barracks x2  
  69  5:37  Viking, SCV  
  69  5:38  Viking  
  74  5:43  SCV  
  74  5:45  Marine  
  74  5:49  SCV  
  77  5:54  Engineering Bay x2  
  77  5:55  SCV  
  77  5:56  Siege Tank  
  81  5:58  SCV  
  81  6:01  SCV  
  81  6:03  Marine  
  84  6:07  SCV  
  84  6:09  Viking  
  85  6:12  SCV  
  85  6:13  SCV  
  85  6:15  Viking  
  81  6:19  SCV  
  81  6:24  SCV  
  75  6:26  SCV  
  75  6:30  Siege Tank  
  75  6:32  SCV  
  74  6:34  Orbital Command  
  74  6:38  SCV  
  74  6:39  Viking, Barracks Reactor x2  
  77  6:40  Marine  
  77  6:44  SCV  
  77  6:45  Viking  
  79  6:50  SCV  
  79  6:56  SCV  
  79  7:00  Terran Infantry Weapons Level 1, Marine, Terran Infantry Armor Level 1  
  79  7:02  SCV  
  79  7:03  SCV  
  79  7:05  Barracks  
  79  7:06  Barracks  
  79  7:08  SCV  
  82  7:09  Viking  
  82  7:14  SCV  
  85  7:30  Viking, SCV x2, Marine x2  
  85  7:36  Marine x2  
  93  7:43  Marine  
  96  7:44  Liberator  
  96  7:47  Marine x2  
  99  7:54  SCV, Marine x2  
  98  8:01  Marine  
  98  8:04  Barracks Reactor x2  
  98  8:05  Marine x2  
  99  8:07  Siege Tank  
  103  8:18  Medivac  
  105  8:23  Marine  
  106  8:27  Medivac  
  106  8:29  Marine  
  109  8:37  Marine  
  109  8:39  Siege Tank  
  99  8:45  Marine x4  
  99  8:48  Medivac, Marine x2  
  96  8:49  Marine  
  96  8:52  Marine  
  96  8:55  Marine  
  99  8:57  Medivac  
  99  9:02  Marine  
  101  9:03  Marine x3  
  101  9:05  Marine  
  101  9:06  Marine  
  101  9:07  Marine  
  108  9:10  Marine  
  108  9:13  Marine  
Show
View Real Time Build Order
Export as new Build Order

LiquidClem Terran - Winner!

Build Orders: Gas First Reaper Expand 

Get SALT Encoding   

  12  0:00  SCV  
  13  0:12  SCV  
  14  0:17  Supply Depot  
  14  0:24  SCV  
  15  0:29  Refinery  
  15  0:38  SCV  
  16  0:43  Barracks  
  16  0:50  SCV  
  17  1:02  SCV  
  18  1:15  SCV  
  19  1:30  Orbital Command  
  19  1:31  Reaper  
  20  1:53  Command Center  
  20  1:58  SCV, Factory  
  21  2:06  Barracks Reactor  
  21  2:09  Supply Depot  
  21  2:12  SCV  
  22  2:18  Refinery  
  22  2:24  SCV  
  23  2:36  SCV  
  24  2:44  Starport  
  24  2:47  Hellion x2  
  24  2:48  SCV  
  29  2:56  Barracks Tech Lab  
  29  3:00  SCV  
  29  3:04  Orbital Command  
  30  3:09  Hellion  
  30  3:11  Hellion  
  34  3:13  SCV  
  35  3:20  Medivac  
  35  3:25  SCV, Barracks Tech Lab  
  38  3:30  SCV  
  38  3:33  Refinery  
  39  3:38  SCV  
  39  3:39  Cyclone  
  43  3:42  SCV  
  44  3:50  Supply Depot  
  44  3:51  SCV  
  44  3:54  SCV  
  46  4:03  Supply Depot  
  46  4:12  SCV x2, Raven, Marine x2  
  46  4:14  Supply Depot  
  52  4:24  SCV x2  
  52  4:25  Siege Tank  
  57  4:36  SCV x2  
  59  4:39  Marine x2  
  61  4:46  Supply Depot  
  61  4:48  SCV x2, Command Center  
  62  4:57  Siege Tank  
  65  5:00  SCV x2  
  65  5:05  Viking, Marine  
  70  5:07  Viking  
  70  5:12  SCV, Supply Depot  
  73  5:15  Stimpack  
  73  5:16  SCV  
  74  5:24  Refinery, Marine  
  74  5:25  SCV  
  76  5:29  Supply Depot  
  76  5:31  SCV  
  76  5:33  Siege Tank  
  80  5:37  Viking  
  80  5:41  Supply Depot  
  82  5:43  SCV  
  82  5:45  Marine  
  84  5:52  Viking, Supply Depot  
  86  5:57  SCV  
  86  5:58  SCV  
  86  6:04  Barracks  
  88  6:06  Barracks  
  88  6:13  Siege Tank  
  88  6:14  Marine  
  88  6:15  SCV  
  91  6:19  SCV  
  83  6:27  Viking  
  83  6:29  SCV  
  83  6:32  Marine  
  85  6:36  Viking  
  85  6:38  Orbital Command  
  85  6:39  SCV  
  88  6:45  SCV  
  88  6:47  Engineering Bay x2  
  87  6:57  Barracks Reactor, Viking  
  87  6:58  Barracks Reactor  
  87  6:59  SCV x2, Siege Tank  
  92  7:02  Marine  
  92  7:06  SCV  
  94  7:09  Viking  
  94  7:11  SCV  
  94  7:15  SCV, Supply Depot  
  98  7:20  Terran Infantry Weapons Level 1, Marine, Terran Infantry Armor Level 1  
  99  7:26  SCV x2  
  98  7:30  Viking  
  98  7:34  Supply Depot, Siege Tank  
  103  7:37  Marine  
  103  7:39  Marine x2  
  103  7:40  Marine x2  
  107  7:44  SCV x2  
  107  7:45  SCV  
  107  7:47  Refinery x2  
  107  7:48  Combat Shield  
  108  7:55  Marine  
  108  7:57  Marine x2  
  108  7:58  Marine x2  
  111  8:01  Medivac x2  
  113  8:07  Barracks  
  113  8:08  Barracks  
  113  8:13  Marine  
  113  8:15  Marine x3  
  113  8:16  Marine  
  118  8:20  Sensor Tower, Siege Tank  
  118  8:22  SCV  
  118  8:23  SCV  
  123  8:29  Supply Depot  
  123  8:31  Medivac, Marine  
  123  8:32  Medivac  
  123  8:33  Marine x3  
  125  8:44  Marine  
  127  8:48  SCV x2, Supply Depot  
  127  8:49  Armory, Marine  
  127  8:51  Marine  
  127  8:54  Barracks Reactor  
  127  8:55  Barracks Reactor  
  130  8:56  Marine, Siege Tank  
  130  8:57  Marine  
  130  9:01  Medivac  
  130  9:02  Marine  
  138  9:07  Command Center, Marine  
  138  9:09  Marine  
  140  9:16  Marine x2  
  142  9:17  Supply Depot  
Tags
 
Add a new tag
Caveats
  • Supply blocks, unpowered buildings, or Contaminate may cause inaccurate times.
  • Supply counts are checked every 10 seconds.